TOP OF THE 1ST |
Charleston RiverDogs batting - Pitching for Beloit Snappers : RHP Ricky Lopez
|
Pitching: RHP Ricky Lopez
|
|
Batting: LHB Ernesto Abreu
|
0-0: Ball 1-0: Foul Ball, location: 2F 1-1: Ball 2-1: Called Strike 2-2: Strikes out swinging
|
Batting: SHB Corey Penson
|
0-0: Ball 1-0: SINGLE (Line Drive, 7S, EV 91.2 MPH)
|
Batting: LHB Justin O'Neal
|
0-0: Swinging Strike 0-1: Foul Ball, location: 2F 0-2: Ball 1-2: Ball 2-2: Strikes out swinging
|
Batting: LHB Steve LeGrand
|
0-0: Ball 1-0: Called Strike 1-1: Swinging Strike 1-2: Ball 2-2: Foul Ball, location: 2F 2-2: Strikes out swinging
|
Top of the 1st over - 0 runs, 1 hit, 0 errors, 1 left on base; Charleston 0 - Beloit 0 |
BOTTOM OF THE 1ST |
Beloit Snappers batting - Pitching for Charleston RiverDogs : RHP Willie Perez
|
Pitching: RHP Willie Perez
|
|
Batting: RHB Chris Bohm
|
0-0: Ball 1-0: Called Strike 1-1: SOLO HOME RUN (Flyball, 9D, EV 96.2 MPH), Distance : 356 ft
|
Batting: RHB Min-chin Yi
|
0-0: Ground out 6-3 (Groundball, 6S, EV 88.8 MPH)
|
Batting: RHB Shannon Beck
|
0-0: Ball 1-0: Foul Ball, location: 2F 1-1: Called Strike 1-2: Ball 2-2: Fly out, F3 (Popup, 3F, EV 80.6 MPH)
|
Batting: LHB Felipe Gomez
|
0-0: Foul Ball, location: 2F 0-1: Ball 1-1: Foul Ball, location: 2F 1-2: Foul Ball, location: 2F 1-2: Ball 2-2: Ball 3-2: Foul Ball, location: 2F 3-2: Foul Ball, location: 2F 3-2: Base on Balls
|
Batting: RHB Mike Gangi
|
0-0: Ball Felipe Gomez steals 2nd, throwing error, E2 Felipe Gomez to third 1-0: Swinging Strike 1-1: Ball 2-1: Ground out 5-3 (Groundball, 56S, EV 87.5 MPH)
|
Bottom of the 1st over - 1 run, 1 hit, 1 error, 1 left on base; Charleston 0 - Beloit 1 |
TOP OF THE 2ND |
Charleston RiverDogs batting - Pitching for Beloit Snappers : RHP Ricky Lopez
|
Batting: LHB Dale Anderson
|
0-0: Ball 1-0: Called Strike 1-1: Ball 2-1: Foul Ball, location: 2F 2-2: Foul Ball, location: 2F 2-2: Foul Ball, location: 2F 2-2: Ground out U3 (Groundball, 3, EV 83.1 MPH)
|
Batting: RHB Mike Zern
|
0-0: Ball 1-0: Foul Ball, location: 2F 1-1: Foul Ball, location: 2F 1-2: Ball 2-2: Strikes out looking
|
Batting: LHB Marc Durgin
|
0-0: Ball 1-0: Ball 2-0: Ball 3-0: Base on Balls
|
Batting: RHB Nate Singleton
|
0-0: Called Strike 0-1: Fielders Choice at 2nd, U4 (Groundball, 4M, EV 83.8 MPH)
|
Top of the 2nd over - 0 runs, 0 hits, 0 errors, 1 left on base; Charleston 0 - Beloit 1 |
BOTTOM OF THE 2ND |
Beloit Snappers batting - Pitching for Charleston RiverDogs : RHP Willie Perez
|
Batting: RHB Emiel Schlepers
|
0-0: Ball 1-0: Called Strike 1-1: Ball 2-1: Ground out 5-3 (Groundball, 25, EV 85.0 MPH)
|
Batting: RHB Jamie Jennings
|
0-0: SOLO HOME RUN (Flyball, 78XD, EV 110.6 MPH), Distance : 435 ft
|
Batting: RHB Clay Statum
|
0-0: Foul Ball, location: 2F 0-1: Ball 1-1: Foul Ball, location: 2F 1-2: Ball 2-2: DOUBLE (Line Drive, 78D, EV 111.2 MPH)
|
Batting: RHB Don Burt
|
0-0: Ball 1-0: Ball 2-0: Ball 3-0: Called Strike 3-1: SINGLE (Groundball, 13S, EV 75.0 MPH) (infield hit) Clay Statum to third
|
Batting: RHB Chris Bohm
|
0-0: Ball 1-0: SINGLE (Groundball, 6M, EV 101.2 MPH) Clay Statum scores Don Burt to second Runner from 2nd tries for 3rd, SAFE, throw by CF made to third Chris Bohm to second
|
Batting: RHB Min-chin Yi
|
0-0: Called Strike 0-1: Foul Ball, location: 2F 0-2: Ball 1-2: Ball 2-2: Ball 3-2: Ground out 4-3 (Groundball, 4, EV 82.5 MPH) Don Burt scores Chris Bohm to third
|
Batting: RHB Shannon Beck
|
0-0: Ground out 2-3 (Groundball, 15S, EV 65.6 MPH)
|
Bottom of the 2nd over - 3 runs, 4 hits, 0 errors, 1 left on base; Charleston 0 - Beloit 4 |
TOP OF THE 3RD |
Charleston RiverDogs batting - Pitching for Beloit Snappers : RHP Ricky Lopez
|
Batting: RHB Bobby White
|
0-0: Called Strike 0-1: Ball 1-1: Ball 2-1: Foul Ball, location: 2F 2-2: Strikes out swinging
|
Batting: LHB Ernesto Abreu
|
0-0: Called Strike 0-1: Ball 1-1: Swinging Strike 1-2: Strikes out swinging
|
Batting: SHB Corey Penson
|
0-0: Ball 1-0: Ball 2-0: Ball 3-0: Called Strike 3-1: Fly out, F8 (Flyball, 8RXD, EV 78.8 MPH)
|
Top of the 3rd over - 0 runs, 0 hits, 0 errors, 0 left on base; Charleston 0 - Beloit 4 |
BOTTOM OF THE 3RD |
Beloit Snappers batting - Pitching for Charleston RiverDogs : RHP Willie Perez
|
Batting: LHB Felipe Gomez
|
0-0: Ball 1-0: Ball 2-0: Called Strike 2-1: SINGLE (Groundball, 34D, EV 94.4 MPH)
|
Batting: RHB Mike Gangi
|
0-0: Ball 1-0: Ball 2-0: Called Strike 2-1: Foul Ball, location: 2F 2-2: Foul Ball, location: 2F 2-2: Grounds into double play, 5-4-3 (Groundball, 56, EV 86.9 MPH)
|
Batting: RHB Emiel Schlepers
|
0-0: Foul Ball, location: 2F 0-1: Ball 1-1: Ball 2-1: Ground out 6-3 (Groundball, 6, EV 85.0 MPH)
|
Bottom of the 3rd over - 0 runs, 1 hit, 0 errors, 0 left on base; Charleston 0 - Beloit 4 |
TOP OF THE 4TH |
Charleston RiverDogs batting - Pitching for Beloit Snappers : RHP Ricky Lopez
|
Batting: LHB Justin O'Neal
|
0-0: Ball 1-0: Ball 2-0: Foul Ball, location: 2F 2-1: Ball 3-1: Foul Ball, location: 2F 3-2: Foul Ball, location: 2F 3-2: Strikes out swinging
|
Batting: LHB Steve LeGrand
|
0-0: Ball 1-0: Swinging Strike 1-1: Swinging Strike 1-2: Strikes out looking
|
Batting: LHB Dale Anderson
|
0-0: Ground out U3 (Groundball, 3, EV 83.1 MPH)
|
Top of the 4th over - 0 runs, 0 hits, 0 errors, 0 left on base; Charleston 0 - Beloit 4 |
BOTTOM OF THE 4TH |
Beloit Snappers batting - Pitching for Charleston RiverDogs : RHP Willie Perez
|
Batting: RHB Jamie Jennings
|
0-0: Foul Ball, location: 2F 0-1: Ball 1-1: Ground out 6-3 (Groundball, 6M, EV 93.8 MPH)
|
Batting: RHB Clay Statum
|
0-0: Ball 1-0: Fly out, F8 (Flyball, 8RXD, EV 106.2 MPH)
|
Batting: RHB Don Burt
|
0-0: Called Strike 0-1: Ball 1-1: Swinging Strike 1-2: Ball 2-2: Ball 3-2: SINGLE (Groundball, 6MD, EV 100.0 MPH)
|
Batting: RHB Chris Bohm
|
0-0: Called Strike 0-1: SINGLE (Groundball, 56D, EV 94.4 MPH) Don Burt to second
|
Batting: RHB Min-chin Yi
|
0-0: Ball 1-0: DOUBLE (Line Drive, 9LS, EV 111.2 MPH) Don Burt scores Chris Bohm to third Runner from 3rd tries for Home, SAFE, throw by RF to home
|
Pitching: LHP Alex Pulido
|
|
Batting: RHB Shannon Beck
|
0-0: Ball 1-0: Called Strike 1-1: Ball 2-1: Foul Ball, location: 2F 2-2: Foul Ball, location: 2F 2-2: Ground out 4-3 (Groundball, 34, EV 86.2 MPH)
|
Bottom of the 4th over - 2 runs, 3 hits, 0 errors, 1 left on base; Charleston 0 - Beloit 6 |
TOP OF THE 5TH |
Charleston RiverDogs batting - Pitching for Beloit Snappers : RHP Ricky Lopez
|
Batting: RHB Mike Zern
|
0-0: Ball 1-0: Foul Ball, location: 2F 1-1: Foul Ball, location: 2F 1-2: Ball 2-2: Strikes out swinging
|
Batting: LHB Marc Durgin
|
0-0: Ball 1-0: Foul Ball, location: 2F 1-1: Foul Ball, location: 2F 1-2: Foul Ball, location: 2F 1-2: Ball 2-2: Strikes out swinging
|
Batting: RHB Nate Singleton
|
0-0: Ball 1-0: Called Strike 1-1: Ground out 6-3 (Groundball, 6, EV 104.4 MPH)
|
Top of the 5th over - 0 runs, 0 hits, 0 errors, 0 left on base; Charleston 0 - Beloit 6 |
BOTTOM OF THE 5TH |
Beloit Snappers batting - Pitching for Charleston RiverDogs : LHP Alex Pulido
|
Batting: LHB Felipe Gomez
|
0-0: Fly out, F6 (Line Drive, 4M, EV 69.4 MPH)
|
Batting: RHB Mike Gangi
|
0-0: Ball 1-0: Called Strike 1-1: Ball 2-1: Foul Ball, location: 2F 2-2: Foul Ball, location: 2F 2-2: Strikes out swinging
|
Batting: RHB Emiel Schlepers
|
0-0: Ball 1-0: Ground out 6-3 (Groundball, 6, EV 78.8 MPH)
|
Bottom of the 5th over - 0 runs, 0 hits, 0 errors, 0 left on base; Charleston 0 - Beloit 6 |
TOP OF THE 6TH |
Charleston RiverDogs batting - Pitching for Beloit Snappers : RHP Ricky Lopez
|
Batting: RHB Bobby White
|
0-0: Ball 1-0: Ball 2-0: Swinging Strike 2-1: Ground out 6-3 (Groundball, 6, EV 88.1 MPH)
|
Pitching: RHP Juan Lucero
|
|
Batting: LHB Ernesto Abreu
|
0-0: Ball 1-0: Foul Ball, location: 2F 1-1: Ball 2-1: Foul Ball, location: 2F 2-2: Foul Ball, location: 2F 2-2: Ball 3-2: Foul Ball, location: 2F 3-2: Ground out 4-3 (Groundball, 4M, EV 85.0 MPH)
|
Batting: SHB Corey Penson
|
0-0: Ball 1-0: Ball 2-0: Foul Ball, location: 2F 2-1: Ball 3-1: Called Strike 3-2: Foul Ball, location: 2F 3-2: SOLO HOME RUN (Flyball, 9D, EV 97.5 MPH), Distance : 375 ft
|
Batting: LHB Justin O'Neal
|
0-0: Swinging Strike 0-1: Swinging Strike 0-2: Strikes out swinging
|
Top of the 6th over - 1 run, 1 hit, 0 errors, 0 left on base; Charleston 1 - Beloit 6 |
BOTTOM OF THE 6TH |
Beloit Snappers batting - Pitching for Charleston RiverDogs : LHP Alex Pulido
|
Batting: RHB Jamie Jennings
|
0-0: Called Strike 0-1: Fly out, F4 (Line Drive, 4, EV 66.2 MPH)
|
Batting: RHB Clay Statum
|
0-0: Ball 1-0: SINGLE (Groundball, 4MD, EV 98.1 MPH)
|
Batting: RHB Don Burt
|
0-0: Called Strike 0-1: Ball 1-1: Foul Ball, location: 2F 1-2: Fielders Choice at 2nd, 1-6 (Groundball, 13, EV 61.9 MPH)
|
Batting: RHB Chris Bohm
|
0-0: Ball 1-0: Swinging Strike 1-1: Foul Ball, location: 2F 1-2: Strikes out swinging
|
Bottom of the 6th over - 0 runs, 1 hit, 0 errors, 1 left on base; Charleston 1 - Beloit 6 |
TOP OF THE 7TH |
Charleston RiverDogs batting - Pitching for Beloit Snappers : RHP Juan Lucero
|
Batting: LHB Steve LeGrand
|
0-0: Foul Ball, location: 2F 0-1: Ball 1-1: Foul Ball, location: 2F 1-2: Ball 2-2: Ball 3-2: SINGLE (Groundball, 34D, EV 101.2 MPH)
|
Batting: LHB Dale Anderson
|
0-0: Ball 1-0: Called Strike 1-1: Called Strike 1-2: Fly out, F7 (Flyball, 7D, EV 96.2 MPH)
|
Batting: RHB Mike Zern
|
0-0: Called Strike 0-1: Foul Ball, location: 2F 0-2: Foul Ball, location: 2F 0-2: Foul Ball, location: 2F 0-2: Ball 1-2: Fielders Choice at 2nd, 5-4 (Groundball, 56S, EV 89.4 MPH)
|
Batting: LHB Marc Durgin
|
0-0: Ball 1-0: Called Strike 1-1: Fly out, F9 (Flyball, 9, EV 90.0 MPH)
|
Top of the 7th over - 0 runs, 1 hit, 0 errors, 1 left on base; Charleston 1 - Beloit 6 |
BOTTOM OF THE 7TH |
Beloit Snappers batting - Pitching for Charleston RiverDogs : LHP Alex Pulido
|
Batting: RHB Min-chin Yi
|
0-0: Foul Ball, location: 2F 0-1: SINGLE (Line Drive, 78M, EV 91.9 MPH)
|
Pitching: RHP Mike Pickens
|
|
Batting: RHB Shannon Beck
|
0-0: Ball 1-0: Ball 2-0: Called Strike 2-1: Foul Ball, location: 2F 2-2: Strikes out swinging
|
Batting: LHB Felipe Gomez
|
0-0: Ball 1-0: Ball 2-0: Ball Passed Ball! Min-chin Yi to second 3-0: Base on Balls
|
Batting: RHB Mike Gangi
|
0-0: Called Strike 0-1: Ball 1-1: Ball 2-1: Foul Ball, location: 2F 2-2: Ball 3-2: Foul Ball, location: 2F 3-2: Base on Balls Min-chin Yi to third Felipe Gomez to second
|
Batting: RHB Emiel Schlepers
|
0-0: Fly out, F8 (Line Drive, 8LM, EV 92.5 MPH) Runner from 3rd tags up, OUT at HOME! 8-2
|
Bottom of the 7th over - 0 runs, 1 hit, 0 errors, 2 left on base; Charleston 1 - Beloit 6 |
TOP OF THE 8TH |
Charleston RiverDogs batting - Pitching for Beloit Snappers : RHP Juan Lucero
|
Batting: RHB Nate Singleton
|
0-0: Ball 1-0: Foul Ball, location: 2F 1-1: SINGLE (Groundball, 6M, EV 109.4 MPH)
|
Batting: RHB Bobby White
|
0-0: Called Strike 0-1: Grounds into double play, 4-6-3 (Groundball, 4M, EV 76.2 MPH)
|
Batting: LHB Ernesto Abreu
|
0-0: Ball 1-0: Called Strike 1-1: Ground out U3 (Groundball, 34S, EV 88.8 MPH)
|
Top of the 8th over - 0 runs, 1 hit, 0 errors, 0 left on base; Charleston 1 - Beloit 6 |
BOTTOM OF THE 8TH |
Beloit Snappers batting - Pitching for Charleston RiverDogs : RHP Mike Pickens
|
Batting: RHB Jamie Jennings
|
0-0: Called Strike 0-1: Ground out 1-3 (Groundball, 34S, EV 75.6 MPH)
|
Batting: RHB Clay Statum
|
0-0: SINGLE (Groundball, 4D, EV 105.6 MPH)
|
Batting: RHB Don Burt
|
0-0: Called Strike 0-1: Fly out, F7 (Flyball, 7, EV 77.5 MPH)
|
Batting: RHB Chris Bohm
|
0-0: Foul Ball, location: 2F 0-1: Ball 1-1: Ball 2-1: Foul Ball, location: 2F 2-2: Strikes out swinging
|
Bottom of the 8th over - 0 runs, 1 hit, 0 errors, 1 left on base; Charleston 1 - Beloit 6 |
TOP OF THE 9TH |
Charleston RiverDogs batting - Pitching for Beloit Snappers : RHP Juan Lucero
|
Batting: SHB Corey Penson
|
0-0: Ball 1-0: Ground out 1-3 (Groundball, 13S, EV 66.9 MPH)
|
Batting: LHB Justin O'Neal
|
0-0: Called Strike 0-1: Ball 1-1: Ball 2-1: Foul Ball, location: 2F 2-2: Foul Ball, location: 2F 2-2: Ball 3-2: Foul Ball, location: 2F 3-2: Foul Ball, location: 2F 3-2: Fly out, F8 (Flyball, 8LD, EV 91.9 MPH)
|
Batting: LHB Steve LeGrand
|
0-0: Ball 1-0: Ball 2-0: Ball 3-0: Called Strike 3-1: Base on Balls
|
Pitching: LHP Alex Villagran
|
|
Batting: LHB Dale Anderson
|
0-0: Ball 1-0: Ball 2-0: Foul Ball, location: 2F 2-1: Foul Ball, location: 2F 2-2: Foul Ball, location: 2F 2-2: Ball 3-2: Strikes out swinging
|
Top of the 9th over - 0 runs, 0 hits, 0 errors, 1 left on base; Charleston 1 - Beloit 6 |
|